 Dungeon Crawl Stone Soup version 0.29-a0-317-gd16b76e6b1 (webtiles) character file.

Game seed: 12850468339500487899

71 kae the Firebug (level 4, -2/25 HPs)
             Began as a Tengu Fire Elementalist on Mar 30, 2022.
             Slain by a worm (4 damage)
             ... on level 2 of the Dungeon.
             The game lasted 00:01:23 (2109 turns).

kae the Firebug (Tengu Fire Elementalist)           Turns: 2109, Time: 00:01:24

Health: -2/25      AC:  2    Str:  8    XL:     4   Next: 24%
Magic:  4/8        EV: 13    Int: 17    God:
Gold:   99         SH:  0    Dex: 15    Spells: 1/7 levels left

rFire   . . .      SeeInvis +   c - +0 short sword
rCold   . . .      Faith    .   (no shield)
rNeg    . . .      Spirit   .   a - +0 robe
rPois   .          Reflect  .   (helmet restricted)
rElec   .          Harm     .   (no cloak)
rCorr   .          Rampage  .   (no gloves)
Will    .....                   (boots unavailable)
Stlth   ++........              (no amulet)
HPRegen 0.08/turn               d - ring of see invisible
MPRegen 0.11/turn               (no ring)

@: no status effects
A: beak, talons 3
a: no special abilities


You were on level 2 of the Dungeon.
You visited 1 branch of the dungeon, and saw 2 of its levels.

You collected 99 gold pieces.

Inventory:

Hand Weapons
 c - a +0 short sword (weapon)
Armour
 a - a +0 robe (worn)
Jewellery
 d - a ring of see invisible (left hand)
 f - an amulet of faith
 h - a ring of fire
Scrolls
 e - a scroll of holy word {unknown}
 g - a scroll of teleportation {unknown}
Potions
 b - a potion of magic
 i - a potion of curing {unknown}


   Skills:
 + Level 1.0 Fighting
 + Level 1.2 Armour
 + Level 2.7 Dodging
 - Level 2.0 Stealth
 + Level 2.3 Spellcasting
 + Level 2.1 Conjurations
 * Level 4.0 Fire Magic


You had one spell level left.
You knew the following spells:

 Your Spells              Type           Power      Damage    Failure   Level
a - Foxfire               Conj/Fire      48%        2x1d6     5%          1
b - Scorch                Fire           30%        2d6       5%          2
c - Conjure Flame         Conj/Fire      12%        6-21      16%         3

Your spell library contained the following spells:

 Spells                   Type           Power      Damage    Failure   Level
 Inner Flame              Hex/Fire       8%         N/A       24%         3
 Flame Wave               Conj/Fire      12%        2d6       45%         4


Dungeon Overview and Level Annotations

Branches:
Dungeon (2/15)

Altars:


Innate Abilities, Weirdness & Mutations

You have a beak for a mouth.
You have claws for feet.


Message History

You see here a +0 helmet.
Found a stone staircase leading down.
You see here a +0 leather armour.
You see here a +0 leather armour.
A worm comes into view.
Found a scroll of identify.
Casting: Foxfire (safe; 5% risk of failure)
Confirm with . or Enter, or press ? or * to list all spells.
You conjure some foxfire!
The foxfire hits the worm.
The worm is moderately wounded.
A worm is nearby!
A worm is nearby!
A worm is nearby!
Casting: Foxfire (safe; 5% risk of failure)
Confirm with . or Enter, or press ? or * to list all spells.
You conjure some foxfire!
The foxfire hits the worm.
The worm is heavily wounded.
A worm is nearby!
Casting: Foxfire (safe; 5% risk of failure)
Confirm with . or Enter, or press ? or * to list all spells.
You conjure some foxfire!
The worm bites you!
The foxfire hits the worm.
The worm is heavily wounded.
The worm bites you!
A worm is nearby!
Casting: Foxfire (safe; 5% risk of failure)
Confirm with . or Enter, or press ? or * to list all spells.
You conjure some foxfire!
The foxfire hits the worm.
The worm is severely wounded.
The worm misses you.
Casting: Foxfire (safe; 5% risk of failure)
Confirm with . or Enter, or press ? or * to list all spells.
You conjure some foxfire!
The worm bites you!
* * * LOW HITPOINT WARNING * * *
The foxfire hits the worm.
The worm is almost dead.
The worm bites you.
You die...

#.# #..[.......#
#.#####..#######.#
#.....#[.# ..#.#
#######.#..# #.#.#
.......>#..# #.#.#
#######.#..# #?#.#
#.#..# #.#.#
#.#..#####w#.#
#.#.......@#.#
#.#.########.#
#######.#........#.#
......#.#####.....)#
#####...# #.##.###
##..## #.##.# #...#
#.##.# #.#.## #.##.#
#.#..# #.##.#


You could see a worm.

Vanquished Creatures
  4 adders (D:2)
  A worm (D:2)
  2 dart slugs (D:1)
  4 ball pythons (D:1)
  A bat (D:1)
  4 endoplasms
  6 goblins (D:1)
  A hobgoblin (D:1)
  A frilled lizard (D:1)
  4 kobolds
  4 rats
32 creatures vanquished.

Vanquished Creatures (collateral kills)
  3 foxfires (D:2)
3 creatures vanquished.

Vanquished Creatures (others)
  93 foxfires
93 creatures vanquished.

Grand Total: 128 creatures vanquished

Notes
Turn   | Place    | Note
-------+----------+-------------------------------------------
     0 | D:1      | kae the Tengu Fire Elementalist began the quest for the
                  | Orb.
     0 | D:1      | Reached XP level 1. HP: 10/10 MP: 4/4
    64 | D:1      | Reached XP level 2. HP: 10/15 MP: 1/6
   966 | D:1      | Reached XP level 3. HP: 20/20 MP: 5/7
   969 | D:1      | Learned a level 2 spell: Scorch
   973 | D:1      | Learned a level 3 spell: Conjure Flame
  1329 | D:2      | Reached skill level 1 in Armour
  1576 | D:2      | Found a faded altar of an unknown god.
  1788 | D:2      | Reached skill level 1 in Fighting
  1788 | D:2      | Reached skill level 4 in Fire Magic
  1788 | D:2      | Reached XP level 4. HP: 25/25 MP: 4/8
  2109 | D:2      | Slain by a worm

Illustrated notes

Levels and vault maps discovered:
D:1:      amcnicky_arrival_single_pillar, layout_basic
D:2:      layout_basic, shapermc_ecumenical_altar_mp_ritualfount

Skill      XL: |  1  2  3 |
---------------+----------+-----
Armour         | 1 |  1.2
Conjurations   | 2 |  2.1
Fighting       | 1 |  1.0
Fire Magic     | 4 |  4.0
Dodging        | |  2.7
Stealth        | |  2.0
Spellcasting   | |  2.3

Action                   |  1- 3 |  4- 6 || total
-------------------------+-------+-------++-------
Melee: Unarmed           |     2 |       ||     2
       Kick              |     8 |       ||     8
       Peck              |     2 |       ||     2
       Short sword       |    12 |       ||    12
 Cast: Foxfire           |    53 |    11 ||    64
  Use: Scroll            |     1 |       ||     1
Armor: Robe              |     2 |       ||     2
Dodge: Dodged            |     8 |     1 ||     9

Table legend: (Time is in decaauts)
 A = Elapsed time spent in this place.
 B = Non-inter-level travel time spent in this place.
 C = Inter-level travel time spent in this place.
 D = Time resting spent in this place.
 E = Time spent auto-exploring this place.
 F = Levels seen in this place.
 G = Mean time per level.
                   A        B        C        D        E       F      G
               +--------+--------+--------+--------+--------+-----+--------+
         Total |   2108 |   2049 |     59 |     14 |   1770 |   2 | 1054.0 |
       Dungeon |   2108 |   2049 |     59 |     14 |   1770 |   2 | 1054.0 |
               +--------+--------+--------+--------+--------+-----+--------+

Top non-repeatable levels by time:
     D:1: 1255 daAuts
     D:2: 853 daAuts
